 Dungeon Crawl Stone Soup version 0.21.1-1-g345015fe64 (webtiles) character file.

4083 Mrkan the Fighter (level 10, -2/111 HPs)
             Began as a Troll Monk on May 10, 2018.
             Was a Priest of Ashenzari.
             Slain by an ice beast (13 damage)
             ... on level 8 of the Dungeon.
             The game lasted 00:20:10 (6899 turns).

Mrkan the Fighter (Troll Monk)                      Turns: 6899, Time: 00:20:11

Health: -2/111     AC:  8    Str: 21    XL:     10   Next: 5%
Magic:  0/9        EV: 11    Int:  6    God:    Ashenzari [***...]
Gold:   421        SH:  0    Dex: 15    Spells: 9/9 levels left

rFire    . . .     SeeInvis +     - Unarmed
rCold    . . .     Gourm    +   (no shield)
rNeg     . . .     Faith    .   z - +0 troll leather armour (curse) {Purgy}
rPois    .         Spirit   +   (helmet restricted)
rElec    .         Reflect  .   v - +0 cloak (curse)
rCorr    .         Harm     .   (gloves unavailable)
MR       .....                  (boots unavailable)
Stlth    ++........             w - amulet of guardian spirit (curse)
HPRegen  1.08/turn              t - ring of see invisible
MPRegen  0.11/turn              (no ring)

@: no status effects
A: large, unfitting armour, claws 3, fast metabolism 3, gourmand, regeneration
1, shaggy fur 1, tough skin 2
a: Curse Item, Scrying, Renounce Religion


You were on level 8 of the Dungeon.
You worshipped Ashenzari.
Ashenzari was most pleased with you.
You were completely stuffed.

You visited 2 branches of the dungeon, and saw 9 of its levels.
You also visited: Sewer.

You collected 421 gold pieces.

Inventory:

Armour
 a - a +0 robe
 v - a cursed +0 cloak (worn)
 z - a cursed +0 troll leather armour (worn) {Purgy}
Jewellery
 t - a ring of see invisible (left claw)
 w - a cursed amulet of guardian spirit (around neck)
Wands
 o - a wand of digging (10)
 E - a wand of flame (23)
Scrolls
 c - a scroll of remove curse
 g - 2 scrolls of teleportation
 h - a scroll of fog {unknown}
 i - 3 scrolls of blinking {unknown}
 j - a scroll of fear {unknown}
 l - 2 scrolls of enchant armour {unknown}
 r - a scroll of magic mapping {unknown}
 u - a scroll of enchant weapon {unknown}
 x - a scroll of immolation {unknown}
 y - a scroll of amnesia {unknown}
 A - 6 scrolls of identify {unknown}
Potions
 d - a potion of magic {unknown}
 e - a potion of degeneration {unknown}
 k - a potion of haste {unknown}
 m - a potion of agility
 n - a potion of heal wounds {unknown}
 p - 3 potions of brilliance {unknown}
 q - a potion of berserk rage {unknown}
 s - a potion of flight {unknown}
 B - 3 potions of mutation {unknown}
 C - a potion of might {unknown}
 D - a potion of cancellation {unknown}
Comestibles
 b - 11 rations
 f - 10 chunks of flesh


   Skills:
 - Level 10.5 Fighting
 - Level 2.4(4.0) Dodging
 - Level 1.0(2.1) Stealth
 * Level 8.5 Unarmed Combat


You had 9 spell levels left.
You didn't know any spells.

Dungeon Overview and Level Annotations

Branches:
Dungeon (8/15)             Temple (1/1) D:5
   Lair: D:8-11

Altars:
Ashenzari
Cheibriados
Dithmenos
Elyvilon
Fedhas
Gozag
Hepliaklqana
Kikubaaqudgha
Nemelex Xobeh
Okawaru
Qazlal
Ru
Sif Muna
Uskayaw
Vehumet
Wu Jian
Xom
Yredelemnul
Zin
The Shining One

Annotations:
D:8 Grum


Innate Abilities, Weirdness & Mutations

You are too large for most types of armour.
You have claws for hands.
Your metabolism is lightning-fast.
You like to eat raw meat.
Your natural rate of healing is unusually fast.
You are covered in fur. (AC +1)
You have very tough skin. (AC +2)


Message History

The wolf bites you!
* * * LOW HITPOINT WARNING * * *
Grum barely misses you.
You claw the wolf!
You kill the wolf!
Grum hits you but does no damage.
You barely miss the ice beast.
The ice beast is lightly wounded.
You barely miss the ice beast.
The ice beast is lightly wounded.
Grum closely misses you. The ice beast hits you.
* * * LOW HITPOINT WARNING * * *
The ice beast freezes you.
* * * LOW HITPOINT WARNING * * *
You scratch the ice beast but do no damage.
The ice beast is lightly wounded.
Grum barely misses you. The ice beast hits you.
* * * LOW HITPOINT WARNING * * *
The ice beast freezes you!
You die...

#....#..#........#
#<...#'##........# * *, ,
#.......#######'##
#.......#........# ,, ,
#.....[.#........# ,,*
######.......#........# , , ,
#....<.......#.g......#.. . ,
#............#Y####†###....*
#.......)..###@#.....>.....
#..........#...#...........
######.....#...#...........
#### #.....#...#...........
...# #...[.#...#..(........ ,
...#####.....#'###...........
.......)##'#...[)...#'#######
.......[)..#......).'...... ,
........#..#........#......,
, ,


You could see Grum and an ice beast.

Vanquished Creatures
  The ghost of Mrkan the Basher, a novice MiFi of Makhleb (D:7)
  Grinder (D:3)
  A hippogriff (D:8)
  The ghost of Ivernyr the Changer, an amateur OpTm of Cheibriados (D:5)
  Purgy (Sewer)
  A sky beast (D:5)
  5 ogres
  2 wolves (D:8)
  4 centaurs
  A big kobold (Sewer)
  A gnoll sergeant (D:5)
  A bullfrog (D:6)
  2 elf skeletons (D:7)
  A scorpion (D:6)
  A wyvern skeleton (D:6)
  A water moccasin skeleton (D:4)
  An oklob sapling (D:5)
  An electric eel (D:7)
  A howler monkey (D:7)
  A crimson imp (D:6)
  A quasit (D:8)
  2 jellies
  5 orc priests
  2 hounds (D:5)
  A human zombie (D:7)
  An iguana (D:5)
  9 orc wizards
  Jessica (D:3)
  A human skeleton (D:7)
  Ijyb (D:3)
  Terence (D:3)
  A worker ant (D:5)
  18 gnolls
  14 adders
  4 oozes
  4 worms
  3 dart slugs
  7 leopard geckos
  35 orcs
  2 ball pythons
  4 giant cockroaches
  12 goblins
  16 hobgoblins
  11 jackals
  4 quokkas
  9 bats
  3 frilled lizards
  10 kobolds
  A leopard gecko skeleton (D:5)
  An orc skeleton (D:7)
  An orc zombie (D:7)
  9 rats
  3 plants (D:5)
226 creatures vanquished.

Vanquished Creatures (others)
  2 orcs (D:7)
  A plant (D:5)
3 creatures vanquished.

Grand Total: 229 creatures vanquished

Notes
Turn   | Place    | Note
-------+----------+-------------------------------------------
     0 | D:1      | Mrkan the Troll Monk began the quest for the Orb.
     0 | D:1      | Reached XP level 1. HP: 22/22 MP: 0/0
   373 | D:1      | Reached XP level 2. HP: 29/29 MP: 1/1
   702 | D:1      | Reached XP level 3. HP: 33/36 MP: 2/2
  1104 | D:2      | Reached skill level 5 in Unarmed Combat
  1104 | D:2      | Reached XP level 4. HP: 34/44 MP: 3/3
  1668 | D:3      | Noticed Ijyb
  1700 | D:3      | Killed Ijyb
  1700 | D:3      | Reached XP level 5. HP: 40/50 MP: 4/4
  1802 | D:3      | Noticed Terence
  1816 | D:3      | Killed Terence
  1831 | D:3      | Noticed Grinder
  1870 | D:3      | Killed Grinder
  1870 | D:3      | Reached XP level 6. HP: 15/59 MP: 5/5
  2032 | D:3      | Found a faded altar of an unknown god.
  2270 | D:3      | Found an opulent altar of Gozag.
  2465 | D:3      | Noticed Jessica
  2486 | D:3      | Killed Jessica
  2636 | D:4      | Reached XP level 7. HP: 66/66 MP: 6/6
  2815 | D:4      | Reached skill level 3 in Fighting
  3022 | D:4      | Found a deep blue altar of Sif Muna.
  3152 | D:4      | Found a glowing drain.
  3157 | Sewer    | Entered a sewer
  3174 | Sewer    | Reached skill level 4 in Fighting
  3216 | Sewer    | Noticed Purgy
  3223 | Sewer    | Killed Purgy
  3476 | D:5      | Entered Level 5 of the Dungeon
  3580 | D:5      | Reached XP level 8. HP: 78/79 MP: 7/7
  3584 | D:5      | Found a staircase to the Ecumenical Temple.
  3640 | D:5      | Reached skill level 5 in Fighting
  3644 | Temple   | Entered the Ecumenical Temple
  4001 | Temple   | Became a worshipper of Ashenzari the Shackled
  4001 | Temple   | Reached * piety under Ashenzari
  4001 | Temple   | Reached ** piety under Ashenzari
  4356 | D:5      | Reached skill level 6 in Fighting
  4403 | D:5      | Noticed Ivernyr's ghost (amateur OpTm)
  4416 | D:5      | Killed Ivernyr's ghost
  4578 | D:5      | Reached skill level 7 in Fighting
  5235 | D:6      | Identified the cursed +0 scale mail "Facome" {Stlth+}
  5247 | D:6      | Reached XP level 9. HP: 92/96 MP: 8/8
  5319 | D:6      | Reached skill level 8 in Fighting
  5393 | D:6      | Found a snail-covered altar of Cheibriados.
  5426 | D:6      | Identified the cursed +0 ring mail of Benevolence {rN+ rCorr}
  5770 | D:7      | Found a sand-covered staircase.
  5922 | D:7      | Reached skill level 9 in Fighting
  6022 | D:7      | Noticed Mrkan's ghost (novice MiFi)
  6037 | D:7      | Killed Mrkan's ghost
  6132 | D:7      | Found a hazy altar of Hepliaklqana.
  6165 | D:7      | Reached skill level 10 in Fighting
  6366 | D:7      | Reached *** piety under Ashenzari
  6369 | D:7      | Found a deep blue altar of Sif Muna.
  6498 | D:7      | Found a blossoming altar of Fedhas.
  6817 | D:8      | Reached XP level 10. HP: 111/111 MP: 9/9
  6868 | D:8      | Noticed Grum
  6899 | D:8      | Slain by an ice beast

Skill      XL: |  1  2  3  4  5  6  7  8  9 |
---------------+----------------------------+-----
Unarmed Combat | 4 5 7 8 |  8.5
Fighting       | 4 7 10 | 10.5
Dodging        | |  2.4
Stealth        | |  1.0

Action                   |  1- 3 |  4- 6 |  7- 9 | 10-12 || total
-------------------------+-------+-------+-------+-------++-------
Melee: Unarmed           |    95 |   185 |   425 |    19 ||   724
       Punch             |       |     4 |    18 |       ||    22
Invok: Curse Item        |       |       |     3 |       ||     3
  Use: Scroll            |       |       |     3 |       ||     3
       Potion            |       |       |     1 |       ||     1
 Stab: Sleeping          |     2 |     5 |     4 |       ||    11
  Eat: Chunk             |    16 |    14 |    38 |     1 ||    69
Armor: Robe              |    54 |   107 |    20 |       ||   181
       Troll leather arm |       |       |   150 |    14 ||   164
Dodge: Dodged            |    81 |   159 |   261 |    27 ||   528
